 Dungeon Crawl Stone Soup version 0.29-a0-384-g6960b1960d (webtiles) character file.

Game seed: 3792269356350770440

18 Hubjo the Firebug (level 2, 0/16 HPs)
             Began as a Deep Elf Fire Elementalist on May 6, 2022.
             Slain by a goblin
             ... wielding a +0 club
              (1 damage)
             ... on level 1 of the Dungeon.
             The game lasted 00:00:45 (1086 turns).

Hubjo the Firebug (Deep Elf Fire Elementalist)      Turns: 1086, Time: 00:00:45

Health: 0/16       AC:  2    Str:  5    XL:     2   Next: 48%
Magic:  8/8        EV: 12    Int: 19    God:
Gold:   59         SH:  0    Dex: 15    Spells: 6/7 levels left

rFire   . . .      SeeInvis .   (no weapon)
rCold   . . .      Faith    .   (no shield)
rNeg    . . .      Spirit   .   a - +0 robe
rPois   .          Reflect  .   (no helmet)
rElec   .          Harm     .   (no cloak)
rCorr   .          Rampage  .   (no gloves)
Will    .....                   (no boots)
Stlth   ++........              (no amulet)
HPRegen 0.05/turn               (no ring)
MPRegen 0.11/turn               (no ring)

@: no status effects
A: no striking features
a: no special abilities


You were on level 1 of the Dungeon.
You visited 1 branch of the dungeon, and saw 1 of its levels.

You collected 59 gold pieces.

Inventory:

Armour
 a - a +0 robe (worn)
Scrolls
 d - a scroll of teleportation {unknown}
 f - a scroll of identify {unknown}
Potions
 b - a potion of magic
 c - a potion of mutation {unknown}
 e - 2 potions of curing {unknown}


   Skills:
 * Level 1.0 Fighting
 - Level 2.4 Dodging
 + Level 2.8 Stealth
 + Level 3.3 Spellcasting
 - Level 1.1 Conjurations
 + Level 3.5 Fire Magic


You had 6 spell levels left.
You knew the following spells:

 Your Spells              Type           Power      Damage    Failure   Level
a - Foxfire               Conj/Fire      44%        2x1d6     6%          1

Your spell library contained the following spells:

 Spells                   Type           Power      Damage    Failure   Level
 Scorch                   Fire           32%        2d6       5%          2
 Conjure Flame            Conj/Fire      11%        6-21      17%         3
 Ensorcelled Hibernation  Hex/Ice        6%         N/A       22%         2
 Passwall                 Tmut/Erth      2%         N/A       22%         2
 Inner Flame              Hex/Fire       9%         N/A       22%         3
 Swiftness                Air            3%         N/A       41%         3
 Flame Wave               Conj/Fire      11%        2d5       50%         4


Dungeon Overview and Level Annotations

Branches:
Dungeon (1/15)

Altars:
Gozag


Message History

Your foxfire dissipates! x3
Things that are here:
a +0 dagger; a kobold corpse
Found a faded altar of an unknown god.
You see here a +0 dagger.
A goblin comes into view. It is wielding a +0 club.
A goblin is nearby!
There is a faded altar of an unknown god here.
You cannot tell which god this altar belongs to.
Convert to them anyway?
Gozag accepts your prayer! Gozag welcomes you!
Gozag waives the service fee.
Really renounce your faith, foregoing its fabulous benefits?
Are you sure? [Y]es or [N]o only, please.
Are you sure?
You have lost your religion!
Gozag does not appreciate desertion!
The goblin shouts!
The goblin completely misses you. The goblin completely misses you.
The goblin barely misses you. The goblin barely misses you.
The goblin closely misses you. The goblin misses you.
The goblin hits you but does no damage. The goblin hits you with a +0 club.
The goblin barely misses you. The goblin closely misses you.
The goblin barely misses you. The goblin hits you with a +0 club.
The goblin hits you with a +0 club. The goblin hits you with a +0 club.
The goblin hits you with a +0 club.
* * * LOW HITPOINT WARNING * * *
The goblin hits you with a +0 club.
* * * LOW HITPOINT WARNING * * *
The goblin misses you. The goblin hits you with a +0 club.
You die...

#.#.# ##.##..#.
..#+## #.# #...#
##...## ##.###.#.
##.....## #.##..#
##.......## #.#.##
#.........# #..#
+.........+
......#.#
#.....g...#
##...##.# #...@...#
###.# #.# #.......#
##.## #.#
#.##.##.###...## #.#
#.#...#..#.....###.#
#..._..............#
#.#...#.##.....#####
#.##.##.###...##
#.......# ##.##
##......## #.#


You could see a goblin.

Vanquished Creatures
  A dart slug (D:1)
  2 ball pythons (D:1)
  An endoplasm (D:1)
  A giant cockroach (D:1)
  4 goblins (D:1)
  A hobgoblin (D:1)
  A kobold (D:1)
  3 rats (D:1)
14 creatures vanquished.

Vanquished Creatures (others)
  63 foxfires (D:1)
63 creatures vanquished.

Grand Total: 77 creatures vanquished

Notes
Turn   | Place    | Note
-------+----------+-------------------------------------------
     0 | D:1      | Hubjo the Deep Elf Fire Elementalist began the quest for
                  | the Orb.
     0 | D:1      | Reached XP level 1. HP: 10/10 MP: 6/6
   689 | D:1      | Reached XP level 2. HP: 16/16 MP: 5/8
   975 | D:1      | Reached skill level 1 in Fighting
  1049 | D:1      | Found a faded altar of an unknown god.
  1064 | D:1      | Prayed at the altar of an unknown god.
  1064 | D:1      | Became a worshipper of Gozag Ym Sagoz the Greedy
  1065 | D:1      | Fell from the grace of Gozag
  1086 | D:1      | Slain by a goblin

Illustrated notes

Levels and vault maps discovered:
D:1:      minmay_arrival_solitary_statue, layout_loops_corners,
          ebering_ecumenical_altar_box

Skill      XL: |  1  2 |
---------------+-------+-----
Fighting       | 1 |  1.0
Dodging        | |  2.4
Stealth        | |  2.8
Spellcasting   | |  3.3
Conjurations   | |  1.1
Fire Magic     | |  3.5

Action                   || total
-------------------------++-------
Melee: Unarmed           ||     4
 Cast: Foxfire           ||    39
Invok: Renounce Religion ||     1
Armor: Robe              ||     4
Dodge: Dodged            ||    20

Table legend: (Time is in decaauts)
 A = Elapsed time spent in this place.
 B = Non-inter-level travel time spent in this place.
 C = Inter-level travel time spent in this place.
 D = Time resting spent in this place.
 E = Time spent auto-exploring this place.
 F = Levels seen in this place.
 G = Mean time per level.
                   A        B        C        D        E       F      G
               +--------+--------+--------+--------+--------+-----+--------+
         Total |   1086 |   1086 |      0 |      0 |    960 |   1 | 1086.0 |
       Dungeon |   1086 |   1086 |      0 |      0 |    960 |   1 | 1086.0 |
               +--------+--------+--------+--------+--------+-----+--------+

Top non-repeatable levels by time:
     D:1: 1086 daAuts
